AoeStats
← ZionDCG97

Nomad

505050474Analyzed
4v4 RM · 24d ago on Sep 7, 2026· 70m 57s· 8 players
Game mode
Random Map
Map size
231×231
Population
200
Speed
Normal
Resources
Standard
Victory
Conquest
Starting age
Dark Age
Ending age
Imperial Age
RankedLock teamsTeams togetherTeam positionsShared explorationLock speedFull tech treeHidden civsTurbo modeCheats
Victory
Defeat
🇰🇿 Armenians · Kazakhstan
817
+18
🇲🇽 Byzantines · Mexico
812
+18
🇨🇱 Khmer · Chile
794
+18
🇺🇸 Khmer · United States
718
+21
🇧🇪 Celts · Belgium
900
-21
🇪🇸 Romans · Spain
890
-20
🇳🇱 Berbers · Netherlands
874
-20
🇨🇳 Portuguese · China
724
-14
ZionDCG97
9:48 Loom
15:33 Feudal Age
17:06 Double-Bit Axe
17:04 Horse Collar
18:45 Gold Mining
23:39 Castle Age
22:35 Fishing Lines
24:46 Wheelbarrow
25:53 Bow Saw
27:37 Heavy Plow
29:03 Husbandry
28:23 Light Cavalry
29:55 Hand Cart
30:55 Scale Barding Armor
30:52 Scale Mail Armor
30:43 Fletching
38:33 Greek Fire
42:02 Imperial Age
39:57 Ballistics
39:18 Treadmill Crane
39:33 Murder Holes
39:50 Fortified Wall
39:31 Guard Tower
39:58 Elite Skirmisher
40:01 Crossbowman
43:44 Padded Archer Armor
43:39 Bodkin Arrow
43:55 Forging
44:00 Chain Mail Armor
44:05 Chain Barding Armor
45:11 Heavy Cavalry Archer
47:40 Chemistry
51:48 Elite Cataphract
53:03 Hoardings
52:49 Conscription
52:39 Logistica
59:25 Squires
59:11 Arson
61:02 Pikeman
68:46 Plate Barding Armor
68:42 Leather Archer Armor
68:57 Plate Mail Armor
Dara_Shikoh
4:24 Loom
15:21 Feudal Age
21:45 Castle Age
19:59 Horse Collar
20:27 Double-Bit Axe
24:15 Heavy Plow
24:28 Bow Saw
24:13 Gold Mining
24:15 Stone Mining
28:07 Light Cavalry
30:12 Gold Shaft Mining
30:11 Bloodlines
30:28 Scale Barding Armor
32:18 Stone Shaft Mining
34:31 Chain Barding Armor
39:25 Imperial Age
37:31 Wheelbarrow
39:19 Forging
40:09 Double Crossbow
40:50 Plate Barding Armor
40:51 Iron Casting
40:34 Heavy Scorpion
42:59 Chemistry
42:19 Ballistics
43:06 Siege Engineers
48:01 Hussar
BALOYAN
3:44 Loom
15:19 Feudal Age
16:01 Horse Collar
16:11 Double-Bit Axe
16:00 Man-at-Arms
16:44 Town Watch
17:47 Gold Mining
17:57 Fishing Lines
21:11 Wheelbarrow
23:43 Castle Age
22:08 Forging
21:52 Long Swordsman
22:35 Scale Mail Armor
23:28 Stone Mining
24:57 Arson
25:24 Gillnets
25:39 Heavy Plow
25:53 Bow Saw
26:02 Two-Handed Swordsman
27:48 Iron Casting
28:38 Squires
28:49 Husbandry
32:58 Imperial Age
31:20 Ballistics
30:58 Murder Holes
30:53 Gambesons
31:27 Chain Mail Armor
33:56 Fereters
35:24 Gold Shaft Mining
34:36 Capped Ram
36:25 Blast Furnace
36:37 Champion
37:31 Pikeman
39:49 Plate Mail Armor
41:37 Conscription
44:15 Masonry
44:44 Fletching
45:45 Bodkin Arrow
50:48 Hand Cart
54:08 Hand Cart
56:27 Elite Composite Bowman
57:57 Siege Ram
70:17 Hoardings
71:32 Bracer
Jx
4:09 Loom
18:56 Feudal Age
21:05 Wheelbarrow
20:15 Town Watch
24:10 Castle Age
22:04 Double-Bit Axe
22:03 Horse Collar
24:46 Castle Age
29:52 Hand Cart
38:02 Imperial Age
36:54 Fletching
37:11 Scale Barding Armor
37:17 Forging
37:26 Bow Saw
37:20 Heavy Plow
36:51 Light Cavalry
37:42 Bloodlines
37:33 Husbandry
38:15 Town Patrol
39:41 Conscription
39:52 Fortified Wall
40:43 Chemistry
39:40 Murder Holes
40:29 Bodkin Arrow
40:55 Chain Barding Armor
41:11 Iron Casting
40:00 Elite Ballista Elephant
41:02 Masonry
41:38 Hoardings
40:47 Hussar
44:31 Architecture
44:21 Ballistics
44:07 Siege Engineers
46:07 Plate Barding Armor
50:09 Blast Furnace
49:10 Bracer
49:11 Padded Archer Armor
49:11 Scale Mail Armor
51:28 Crop Rotation
54:04 Chain Mail Armor
54:05 Leather Archer Armor
aleix.batista
5:22 Loom
14:00 Feudal Age
14:26 Double-Bit Axe
14:30 Horse Collar
22:06 Castle Age
21:42 Stone Mining
21:44 Gold Mining
22:30 Man-at-Arms
25:02 Wheelbarrow
32:21 Imperial Age
30:20 Ballistas
29:41 Long Swordsman
31:52 Medium Warships
32:51 Squires
32:13 Pikeman
33:45 Bow Saw
33:52 Legionary
34:37 Scale Mail Armor
34:47 Forging
35:18 Heavy Scorpion
38:24 Chain Mail Armor
46:07 Comitatenses
51:55 Capped Ram
53:56 Siege Ram
GrabtharHam3598
5:33 Loom
17:02 Feudal Age
19:42 Double-Bit Axe
19:42 Horse Collar
20:21 Fishing Lines
21:19 Gold Mining
21:34 Stone Mining
26:44 Castle Age
25:21 Scale Mail Armor
25:13 Fletching
27:08 Forging
27:04 Scale Barding Armor
27:02 Man-at-Arms
27:29 Gambesons
28:39 Wheelbarrow
28:18 Bodkin Arrow
30:29 Gold Shaft Mining
31:08 Heavy Plow
31:22 Bow Saw
31:01 Long Swordsman
33:46 Hand Cart
34:26 Stronghold
35:12 Hand Cart
34:43 Town Watch
39:21 Imperial Age
38:24 Gillnets
39:12 Treadmill Crane
39:31 Murder Holes
41:10 Capped Ram
43:20 Chain Mail Armor
43:43 Iron Casting
43:09 Two-Handed Swordsman
46:02 Chemistry
45:23 Ballistics
45:33 Pikeman
47:41 Masonry
47:22 Onager
50:10 Furor Celtica
51:13 Hoardings
51:52 Elite Woad Raider
54:29 Blast Furnace
54:00 Plate Mail Armor
57:20 Champion
58:49 Siege Engineers
59:09 Chain Barding Armor
60:15 Siege Ram
JewelerMaster
10:14 Loom
13:53 Feudal Age
16:28 Double-Bit Axe
16:25 Horse Collar
24:47 Castle Age
25:21 Castle Age
23:15 Gold Mining
26:39 Bow Saw
26:38 Scale Barding Armor
26:44 Forging
26:24 Fletching
27:37 Bloodlines
27:28 Husbandry
29:10 Bodkin Arrow
29:47 Fishing Lines
30:55 Heavy Plow
34:46 Imperial Age
32:52 Wheelbarrow
34:39 Padded Archer Armor
35:56 Bracer
36:17 Chain Barding Armor
36:33 Iron Casting
37:09 Hand Cart
37:45 Conscription
38:11 Crop Rotation
39:36 Chemistry
38:48 Fortified Wall
39:15 Kasbah
39:49 Maghrebi Camels
41:49 Iron Casting
42:36 Ballistics
45:26 Arrowslits
53:07 Plate Barding Armor
53:33 Blast Furnace
52:49 Leather Archer Armor
53:08 Heavy Camel Rider
53:11 Light Cavalry
64:40 Hussar
扎哈真传弟子
15:00 Feudal Age
18:43 Double-Bit Axe
18:43 Horse Collar
19:46 Gold Mining
19:53 Stone Mining
21:56 Bloodlines
24:16 Town Watch
27:08 Castle Age
27:29 Gold Mining
28:21 Bow Saw
28:21 Heavy Plow
29:18 Husbandry
29:15 Pikeman
32:16 Wheelbarrow
31:59 Arson
34:09 Circumnavigation
45:31 Imperial Age
43:19 Hand Cart
43:34 Light Cavalry
46:45 Loom
47:01 Halberdier
48:36 Cavalier
50:47 Crop Rotation
50:59 Stone Shaft Mining
56:31 Scale Barding Armor
56:37 Forging
56:28 Scale Mail Armor
56:28 Padded Archer Armor
56:19 Fletching
57:44 Treadmill Crane
62:22 Chemistry
61:42 Ballistics
61:28 Siege Engineers
61:21 Murder Holes
62:42 Chain Barding Armor
62:57 Iron Casting
62:38 Leather Archer Armor
62:19 Bodkin Arrow
62:39 Chain Mail Armor
67:24 Two-Man Saw
67:53 Blast Furnace
67:54 Plate Barding Armor
67:58 Conscription
69:48 Arquebus
Connection lost

Rejoining the realm…

Still unreachable

The connection could not be restored.

Session expired

The server has moved on; the page needs a fresh start.